Map: Rifts to Korhal

Players

NamroodTuo

  • Race: Zerg Zerg

OAustriaW

  • Race: Protoss Protoss
  • Spawn Location: 7:00

VOD

Have the link to the VOD?

Description

Time

  • Played on: March 9, 2023, 3:05 a.m.
  • Length: 26:25
Show
View Real Time Build Order
Export as new Build Order

NamroodTuo Zerg 

Build Orders:  

Get SALT Encoding   

  12  0:04  Infested SCV  
  13  0:19  Overlord  
  13  0:25  Infested SCV  
  14  0:33  Infested SCV  
  15  0:42  Overlord  
  15  0:50  Infested SCV  
  16  1:06  Infested Barracks  
  16  1:12  Infested SCV  
  17  1:22  Infested SCV  
  18  1:39  Infested Refinery  
  18  1:42  Infested SCV  
  18  1:44  Infested Refinery  
  19  1:53  Infested SCV  
  20  2:10  Overlord  
  20  2:16  Infested Marine  
  20  2:17  Infested Marine x2  
  23  2:22  Infested Marine  
  23  2:27  Infested Marine  
  25  2:31  Infested SCV  
  26  2:52  Infested Marine  
  26  2:53  Infested Marine x4  
  26  3:26  Infested Marine x3  
  26  3:27  Infested Marine x4  
  33  3:31  Infested SCV x3  
  33  3:32  Infested SCV  
  37  3:47  Infested SCV  
  38  3:57  Infested Bunker  
  38  4:02  Infested SCV  
  39  4:10  Infested Engineering Bay  
  39  4:18  Infested Factory  
  39  4:21  Overlord  
  39  4:29  Infested Barracks Tech Lab  
  38  4:38  Infested SCV  
  39  4:56  Infested Command Center  
  39  5:01  Infested SCV  
  33  5:32  Infested SCV x2  
  35  5:49  Infested Marine x6  
  41  5:50  Infested Marine x6  
  45  6:34  Infested Armory  
  49  6:49  Infested Bunker  
  53  6:51  Infested SCV x2  
  55  7:00  Infested Bunker  
  55  7:06  Infested Factory  
  55  7:08  Infested Factory Tech Lab  
  55  7:19  Regenerative Plating  
  55  7:27  Infested SCV  
  46  7:34  Infested SCV  
  46  7:35  Infested SCV  
  46  7:36  Infested SCV  
  49  7:41  Infested SCV  
  49  7:43  Infested SCV  
  51  7:57  Infested SCV  
  51  7:58  Infested SCV  
  51  7:59  Infested SCV x2  
  55  8:13  Infested SCV  
  55  8:14  Infested SCV  
  55  8:19  Stukov Infantry Weapons Level 1  
  57  8:23  Infested Factory Tech Lab  
  57  8:25  Saturated Cultures  
  57  8:28  Infested Diamondback  
  60  9:20  Infested SCV x2  
  60  9:25  Overlord x3  
  60  9:26  Infested Refinery  
  62  9:31  Overlord x4  
  62  9:49  Overseer x3  
  62  9:50  Overseer  
  62  10:11  Infested Factory  
  62  10:19  Overlord x3  
  62  10:28  Infested Refinery  
  62  10:41  Infested SCV x2  
  62  10:43  Aggressive Incubation  
  64  10:55  Caustic Mucus  
  64  10:57  Automated Mitosis  
  64  11:04  Infested Siege Tank, Infested Diamondback  
  64  11:05  Infested Siege Tank, Infested Diamondback  
  64  11:06  Infested Diamondback  
  79  11:37  Infested Siege Tank, Infested Diamondback  
  89  11:42  Infested SCV  
  89  11:43  Infested SCV x2  
  89  11:44  Infested SCV, Infested Bunker  
  89  11:47  Unknown  
  93  11:51  Infested SCV x3  
  93  11:57  Acidic Enzymes  
  96  12:00  Infested Marine x6  
  96  12:01  Infested Marine x12  
  106  12:43  Infested Siege Tank  
  106  12:44  Infested Siege Tank x2, Infested Diamondback x2  
  106  12:45  Infested Diamondback  
  102  14:02  Infested Siege Tank  
  102  14:03  Infested Siege Tank x2, Infested Diamondback x2  
  102  14:04  Infested Siege Tank x2, Infested Diamondback x3  
  102  14:05  Infested Siege Tank, Infested Diamondback  
  138  14:32  Infested Siege Tank  
  138  14:36  Overlord  
  138  14:37  Overlord x4  
  141  15:06  Infested Siege Tank  
  141  15:07  Infested Siege Tank, Infested Diamondback  
  141  15:08  Infested Siege Tank, Infested Diamondback  
  156  15:16  Stukov Vehicle and Ship Weapons Level 1  
  156  15:22  Calcified Armor  
  160  15:58  Overlord x2  
  160  15:59  Infested Bunker  
  160  16:22  Stukov Infantry Armor Level 1  
  160  17:04  Overlord x3  
  160  17:07  Infested Siege Tank x2, Infested Diamondback  
  160  17:08  Infested Siege Tank, Infested Diamondback x2  
  160  17:09  Infested Siege Tank, Infested Diamondback  
  184  17:10  Infested Siege Tank  
  187  17:55  Stukov Vehicle and Ship Armor Level 1  
  184  19:51  Infested Marine  
  184  19:52  Infested Marine x15  
  184  22:40  Infested Marine  
  184  22:41  Infested Marine x13  
  184  22:42  Infested Marine x2  
Show
View Real Time Build Order
Export as new Build Order

OAustriaW Protoss 

Build Orders:  

Get SALT Encoding   

  12  0:03  Probe (Chrono Boost)  
  13  0:17  Probe (Chrono Boost)  
  14  0:26  Pylon  
  14  0:30  Probe (Chrono Boost)  
  15  0:44  Assimilator  
  15  0:49  Dark Pylon  
  15  0:51  Probe (Chrono Boost)  
  16  1:05  Probe (Chrono Boost)  
  16  1:07  Gateway  
  17  1:18  Probe (Chrono Boost)  
  18  1:21  Assimilator  
  18  1:32  Probe (Chrono Boost)  
  18  1:39  Dark Pylon  
  19  1:46  Probe (Chrono Boost)  
  20  2:00  Probe (Chrono Boost), Forge  
  21  2:14  Probe (Chrono Boost)  
  21  2:17  Cybernetics Core  
  22  2:22  Pylon  
  22  2:28  Probe (Chrono Boost)  
  23  2:35  Dark Pylon  
  23  2:42  Probe (Chrono Boost)  
  24  2:53  Forge  
  24  2:56  Probe (Chrono Boost)  
  25  3:09  Probe (Chrono Boost)  
  25  3:17  Dark Pylon  
  26  3:23  Probe (Chrono Boost)  
  27  3:37  Probe (Chrono Boost)  
  28  3:43  Warp Gate  
  28  3:46  Twilight Council  
  28  3:51  Probe (Chrono Boost)  
  28  3:52  Gateway  
  28  3:59  Dark Pylon  
  29  4:02  Gateway  
  29  4:05  Probe (Chrono Boost)  
  29  4:07  Gateway  
  30  4:19  Probe (Chrono Boost)  
  31  4:33  Probe (Chrono Boost)  
  31  4:39  Dark Shrine  
  32  4:44  Protoss Shields Level 1, Protoss Ground Weapons Level 1  
  32  4:47  Probe (Chrono Boost)  
  33  4:57  Dark Pylon  
  33  5:18  Probe (Chrono Boost)  
  34  5:26  Nexus  
  34  5:32  Dark Pylon  
  34  5:42  Probe (Chrono Boost)  
  35  5:56  Probe (Chrono Boost)  
  35  5:58  Dark Templar  
  38  6:00  Dark Templar  
  40  6:10  Probe (Chrono Boost)  
  41  6:24  Probe (Chrono Boost), Assimilator  
  41  6:25  Assimilator  
  42  6:38  Probe (Chrono Boost)  
  43  6:41  Dark Pylon  
  43  6:47  Dark Templar x2  
  47  6:52  Probe (Chrono Boost)  
  48  7:43  Dark Pylon  
  48  7:47  Dark Templar x4  
  48  7:49  Protoss Ground Weapons Level 2, Protoss Shields Level 2  
  56  7:50  Shadow Fury  
  56  8:24  Dark Pylon  
  56  8:33  Dark Templar x2  
  56  8:34  Dark Templar x2  
  64  9:06  Dark Pylon  
  64  9:28  Dark Templar x2  
  64  9:29  Dark Templar x2  
  72  9:37  Gateway  
  72  9:38  Gateway  
  72  9:39  Dark Pylon  
  72  9:42  Photon Cannon  
  72  9:45  Photon Cannon  
  72  9:49  Photon Cannon  
  72  9:56  Photon Cannon  
  72  10:13  Photon Cannon  
  72  10:16  Photon Cannon  
  72  10:26  Pylon  
  72  10:28  Pylon  
  72  10:35  Dark Pylon  
  72  10:38  Dark Templar x3  
  72  10:39  Dark Templar  
  80  11:14  Dark Pylon  
  80  11:23  Protoss Ground Weapons Level 3, Protoss Shields Level 3  
  80  11:39  Dark Templar x3  
  80  11:40  Dark Templar x2  
  66  12:20  Dark Pylon  
  66  12:24  Dark Templar x3  
  66  12:25  Dark Templar x3  
  72  13:14  Dark Templar  
  72  13:15  Dark Templar x3  
  72  13:16  Dark Templar  
  72  13:19  Dark Templar  
  84  13:39  Photon Cannon  
  84  13:41  Photon Cannon  
  84  13:42  Dark Pylon  
  46  14:44  Dark Templar x5  
  46  14:45  Dark Templar  
  58  15:03  Protoss Ground Armor Level 1  
  58  15:11  Photon Cannon  
  58  15:46  Dark Templar  
  58  15:47  Dark Templar x2  
  58  15:48  Dark Templar x3  
  70  16:35  Dark Templar  
  70  16:36  Dark Templar x4  
  70  16:37  Dark Templar  
  82  16:57  Dark Pylon  
  82  17:23  Dark Templar x2  
  82  17:24  Dark Templar x4  
  94  18:02  Protoss Ground Armor Level 2  
  94  18:09  Dark Templar  
  96  18:10  Dark Templar x4  
  104  18:21  Pylon  
  104  18:25  Dark Templar  
  104  18:28  Pylon  
  106  18:33  Pylon  
  106  18:56  Dark Pylon  
  106  19:01  Dark Templar x4  
  114  19:48  Dark Templar x2  
  114  19:49  Dark Templar x3  
  124  19:52  Dark Templar  
  126  20:21  Dark Pylon  
  126  20:43  Dark Templar  
  126  20:44  Dark Templar x4  
  134  21:18  Dark Pylon  
  134  21:23  Dark Templar  
  136  21:50  Dark Pylon  
  136  21:57  Dark Templar x2  
  136  21:58  Dark Templar x2  
  136  21:59  Dark Templar  
  146  22:15  Dark Templar  
  148  23:01  Dark Pylon  
  148  23:39  Dark Pylon  
  148  23:55  Dark Templar  
  148  23:56  Dark Templar x4  
  148  23:58  Dark Templar  
  160  24:32  Dark Pylon  
  152  25:07  Dark Templar  
  152  25:08  Dark Templar x5  
  164  25:20  Dark Pylon  
  162  26:00  Dark Pylon  
  162  26:09  Dark Templar x5  
  172  26:10  Dark Templar  
Tags
 
Commander
StukovVorazun
Matchup
Co-op
Replay Pack
Multiplayer
Add a new tag
Caveats
  • Supply blocks, unpowered buildings, or Contaminate may cause inaccurate times.
  • Supply counts are checked every 10 seconds.